 Dungeon Crawl Stone Soup version 0.29.1-15-g9cfb28693d (webtiles) character file.

Game seed: 4434554440494244024

347 Descartes the Nimble (level 6, -3/28 HPs)
             Began as a Felid Monk on Mar 16, 2023.
             Killed from afar by Pikel (10 damage)
             ... with a puff of flame
             ... on level 5 of the Dungeon.
             The game lasted 00:06:37 (7013 turns).

Descartes the Nimble (Felid Monk)                   Turns: 7013, Time: 00:06:38

Health: -3/28      AC:  2    Str:  9    XL:     6   Next: 33%
Magic:  0/7        EV: 23    Int: 17    God:
Gold:   220        SH:  0    Dex: 19    Spells: 5/5 levels left
                                        Lives:  0   Deaths: 2

rFire   . . .      SeeInvis +     - Unarmed
rCold   . . .      Faith    .   (shield unavailable)
rNeg    . . .      Spirit   +   (body armour unavailable)
rPois   .          Reflect  .   (helmet unavailable)
rElec   .          Harm     .   (cloak unavailable)
rCorr   .          Rampage  .   (gloves unavailable)
Will    .....                   (boots unavailable)
Stlth   ++++......              i - amulet of guardian spirit
HPRegen 0.09/turn               o - +6 ring of intelligence
MPRegen 0.10/turn               (no ring)

@: quick
A: very small, claws 1, fangs 3, see invisible, speed 1, shaggy fur 2, stealthy
paws, no weapons or thrown items, no armour, multi-lived
a: no special abilities


You were on level 5 of the Dungeon.
You visited 1 branch of the dungeon, and saw 5 of its levels.

You collected 220 gold pieces.

Inventory:

Jewellery
 i - an amulet of guardian spirit (around neck)
 o - a +6 ring of intelligence (left paw)
 q - a ring of ice
Scrolls
 b - a scroll of poison {unknown}
 c - a scroll of silence {unknown}
 d - 2 scrolls of butterflies {unknown}
 g - 7 scrolls of teleportation {unknown}
 h - 5 scrolls of identify {unknown}
 m - a scroll of vulnerability {unknown}
 n - a scroll of blinking {unknown}
 p - a scroll of noise {unknown}
Potions
 a - a potion of ambrosia
 e - 2 potions of cancellation {unknown}
 f - a potion of flight {unknown}
 j - a potion of resistance
 k - 3 potions of brilliance {unknown}
 l - a potion of degeneration {unknown}
 r - a potion of haste {unknown}


   Skills:
 - Level 3.0 Fighting
 + Level 8.0 Dodging
 + Level 8.0 Stealth
 + Level 6.0 Unarmed Combat


You had 5 spell levels left.
You didn't know any spells.
Your spell library contained the following spells:

 Spells                   Type           Power      Damage    Failure   Level
 Malign Gateway           Summ/Tloc      0%         N/A       100%        7
 Summon Horrible Things   Summ           0%         N/A       100%        8


Dungeon Overview and Level Annotations

Branches:
Dungeon (5/15)
 Temple: D:4-7

Altars:

Annotations:
D:5 Pikel


Innate Abilities, Weirdness & Mutations

You have sharp claws.
You have razor-sharp teeth.
You have supernaturally acute eyesight. (SInv)
You cover ground quickly. (Speed+)
You are covered in thick fur. (AC +2)
Your paws help you pounce on unaware monsters.
You are incapable of wielding weapons or throwing items.
You cannot wear armour.
You gain extra lives every three experience levels.


Message History

No target in view!
No target in view!
No target in view!
No target in view!
No target in view!
No target in view!
You open the door. You open the door.
There is an open door here.
Pikel is nearby!
The lemure shouts!
The lemure shouts!
The lemure misses you.
You closely miss Pikel. Your bite misses Pikel.
Pikel is lightly wounded.
You barely miss Pikel.
Pikel is lightly wounded.
Pikel hits you but does no damage.
You scratch Pikel.
Pikel is lightly wounded.
Pikel hits you with a +0 whip of flaming!
Pikel burns you.
You barely miss Pikel.
Pikel is lightly wounded.
You barely miss Pikel.
Pikel is lightly wounded.
Pikel closely misses you.
You closely miss Pikel.
Pikel is lightly wounded.
Pikel hits you with a +0 whip of flaming!
Pikel burns you.
* * * LOW HITPOINT WARNING * * *
Unknown command.
You scratch Pikel. You claw Pikel.
Pikel is moderately wounded.
Pikel zaps a wand.
The puff of flame misses you.
You closely miss Pikel. You bite Pikel, but do no damage.
Pikel is moderately wounded.
Pikel zaps a wand.
The puff of flame hits you!
You die...

#.#.## #.....# #.##. ##.##
#.##.## #.##. ### ###
#.##.####.##. #.# #.##.>....##+
... ##.#########.. ## #.#
##.#.## ##... ##.##.# #.###.#
##....
.####...#.########.#..####.....
.'.5......555K@..........'.....
.####...#.#########...####.....
#.....# #..### ##.... #...###
#....# ##... ##.## ####.# ##..
#. #.# ##' #. #)# #. #. #.# #.
#.# ##.


You could see Pikel and 3 lemures.

Vanquished Creatures
  A water moccasin (D:3)
  2 ogres (D:5)
  A lemure (D:5)
  2 bullfrogs
  A phantom (D:4)
  Blork the orc (D:5)
  A howler monkey (D:4)
  3 orc priests (D:4)
  A hound (D:5)
  3 iguanas
  An orc wizard (D:4)
  5 adders
  A shadow imp (D:5)
  3 worms (D:4)
  2 dart slugs
  10 orcs
  9 ball pythons
  8 bats
  7 endoplasms
  4 giant cockroaches
  6 hobgoblins
  3 jackals
  8 kobolds
  5 quokkas
  6 frilled lizards
  12 goblins
  7 rats
113 creatures vanquished.

Notes
Turn   | Place    | Note
-------+----------+-------------------------------------------
     0 | D:1      | Descartes the Felid Monk began the quest for the Orb.
     0 | D:1      | Reached XP level 1. HP: 10/10 MP: 2/2
   399 | D:1      | Reached XP level 2. HP: 14/14 MP: 3/3
  1091 | D:1      | Found a faded altar of an unknown god.
  1239 | D:2      | Reached XP level 3. HP: 17/17 MP: 4/4
  2669 | D:2      | Reached skill level 5 in Dodging
  2923 | D:3      | Reached XP level 4. HP: 21/21 MP: 5/5
  3143 | D:3      | Noticed a water moccasin
  3147 | D:3      | Killed a water moccasin
  3148 | D:3      | Reached skill level 5 in Stealth
  3148 | D:3      | Reached XP level 5. HP: 24/24 MP: 6/6
  3645 | D:4      | Noticed a phantom
  3674 | D:4      | Killed a phantom
  3675 | D:4      | Gained mutation: You are covered in thick fur. (AC +2)
                  | [Felid growth]
  3675 | D:4      | Reached XP level 6. HP: 13/28 MP: 4/7
  4362 | D:4      | Reached skill level 5 in Unarmed Combat
  5172 | D:4      | Reached XP level 7. HP: 31/31 MP: 8/8
  5800 | D:5      | Entered Level 5 of the Dungeon
  6081 | D:5      | Noticed Blork the orc
  6090 | D:5      | Slain by Blork the orc
  6091 | D:5      | Reached XP level 6. HP: -4/28 MP: 0/7
  6172 | D:5      | Killed Blork the orc
  6173 | D:5      | Reached XP level 7. HP: 6/31 MP: 2/8
  6778 | D:5      | Noticed Pikel
  6814 | D:5      | Killed from afar by Pikel
  6815 | D:5      | Reached XP level 6. HP: -2/28 MP: 0/7
  6889 | D:5      | Identified the +11 whip "Beetlebane" {elec, rCorr}
  7013 | D:5      | Killed from afar by Pikel

Illustrated notes

Levels and vault maps discovered:
D:1:      dpeg_arrival_line_fractal, layout_loops_corners,
          shapermc_ecumenical_altar_gd, minmay_misc_feat_secret_circle
D:2:      kennysheep_big_flooded_room, layout_basic
D:3:      minmay_diamond_boxcup, layout_basic
D:4:      layout_loops_ring
D:5:      layout_loops_corners, uniq_blork_the_orc, uniq_pikel

Skill      XL: |  1  2  3  4  5  6  7 |
---------------+----------------------+-----
Stealth        | 3 4 5 8 7 |  8.0
Dodging        | 5 6 8 |  8.0
Unarmed Combat | 4 5 6 |  6.0
Fighting       | |  3.0

Action                   |  1- 3 |  4- 6 |  7- 9 || total
-------------------------+-------+-------+-------++-------
Melee: Unarmed           |   125 |   152 |    69 ||   346
       Bite              |     8 |     7 |    13 ||    28
       Punch             |     5 |     7 |     2 ||    14
  Use: Potion            |       |     1 |       ||     1
 Stab: Sleeping          |    12 |    21 |     2 ||    35
       Distracted        |       |     3 |       ||     3
Armor: Skin              |     8 |     5 |       ||    13
Dodge: Dodged            |    82 |    89 |    41 ||   212
